 Dungeon Crawl Stone Soup version 0.26-a0-800-g517d6fe721 (webtiles) character file.

Game seed: 1508438467780965913

5215 robertstho the Grappler (level 10, -4/84 HPs)
             Began as a Ghoul Gladiator on Nov 11, 2020.
             Was an Initiate of Gozag.
             Slain by a cyan ugly thing (8 damage)
             ... on level 11 of the Dungeon.
             The game lasted 00:11:54 (8620 turns).

robertstho the Grappler (Ghoul Gladiator)           Turns: 8620, Time: 00:11:55

Health: -4/84      AC: 11    Str: 21    XL:     10   Next: 61%
Magic:  9/9        EV:  9    Int:  4    God:    Gozag
Gold:   549        SH:  8    Dex: 10    Spells: 9/9 levels left

rFire    + . .     SeeInvis .     - Unarmed
rCold    + . .     Faith    .   A - +0 kite shield
rNeg     + + +     Spirit   .   B - +3 scale mail {rF+}
rPois    ∞         Reflect  .   b - +0 helmet
rElec    .         Harm     .   (no cloak)
rCorr    +         Rampage  .   (no gloves)
MR       +....                  (no boots)
Stlth    ..........             (no amulet)
HPRegen  0.00/turn              x - ring of resist corrosion
MPRegen  0.11/turn              n - ring of protection from magic

@: no status effects
A: rotting body, claws 1, cold resistance 1, negative energy resistance 3,
inhibited regeneration, torment resistance, unbreathing
a: Potion Petition, Call Merchant, Bribe Branch, Renounce Religion


You were on level 11 of the Dungeon.
You worshipped Gozag.
Gozag was pleased with you.
You visited 2 branches of the dungeon, and saw 11 of its levels.

You collected 1065 gold pieces.
You spent 441 gold pieces at shops.
You paid 75 gold pieces to Gozag.

Inventory:

Hand Weapons
 i - a +3 long sword of flaming
Missiles
 c - 5 throwing nets (quivered)
Armour
 b - a +0 helmet (worn)
 t - a +1 ring mail of cold resistance
 A - a +0 kite shield (worn)
 B - a +3 scale mail of fire resistance (worn)
Jewellery
 a - an uncursed ring of flight
 n - a ring of protection from magic (right claw)
 x - a ring of resist corrosion (left claw)
 C - a +6 ring of intelligence {unknown}
Wands
 l - a wand of enslavement (3)
Scrolls
 d - 6 scrolls of blinking
 e - a scroll of fear
 g - 8 scrolls of remove curse
 j - a scroll of enchant armour {unknown}
 k - a scroll of magic mapping {unknown}
 o - 4 scrolls of teleportation
 s - 2 scrolls of enchant weapon
 u - 2 scrolls of fog {unknown}
 y - 2 scrolls of immolation {unknown}
Potions
 f - 3 potions of haste
 h - 3 potions of berserk rage {unknown}
 m - 5 potions of curing
 p - a potion of heal wounds
 q - 2 potions of cancellation
 w - 2 potions of flight
 z - 2 potions of might
 F - a potion of resistance
 G - a potion of brilliance


   Skills:
 * Level 6.5 Fighting
   Level 0.7 Maces & Flails
 + Level 1.7 Throwing
 + Level 5.0 Armour
 + Level 4.8 Dodging
 + Level 1.4 Stealth
 + Level 2.5 Shields
 * Level 12.9 Unarmed Combat


You had 9 spell levels left.
You didn't know any spells.
Your spell library contained the following spells:

 Spells                   Type           Power        Failure   Level
 Foxfire                  Conj/Fire      #...         100%        1
 Conjure Flame            Conj/Fire      #.......     100%        3
 Inner Flame              Hex/Fire       #.......     100%        3
 Sticky Flame             Conj/Fire      #.......     100%        4
 Fireball                 Conj/Fire      #.........   100%        5


Dungeon Overview and Level Annotations

Branches:
Dungeon (9/15)             Temple (1/1) D:4
   Lair: D:8-11         Orc: D:9-12

Altars:
Ashenzari
Cheibriados
Dithmenos
Elyvilon
Gozag
Hepliaklqana
Kikubaaqudgha
Nemelex Xobeh
Okawaru
Qazlal
Ru
Sif Muna
Trog
Uskayaw
Vehumet
Xom
Yredelemnul
Zin

Shops:
D:6 *}!(


Innate Abilities, Weirdness & Mutations

Your body is rotting away.
You thrive by killing the living.
You are immune to poison.
You have sharp fingernails.
Your flesh is cold resistant. (rC+)
You are immune to negative energy. (rN+++)
You do not regenerate when monsters are visible.
You are immune to unholy pain and torment.
You can survive without breathing.


Message History

* * * LOW HITPOINT WARNING * * *
You claw the cyan ugly thing!
The cyan ugly thing is heavily wounded.
The cyan ugly thing punches you but does no damage.
You feel much better. The cyan ugly thing closely misses you.
You claw the cyan ugly thing!
The cyan ugly thing is severely wounded.
The cyan ugly thing punches you! The cyan ugly thing shocks you!
* * * LOW HITPOINT WARNING * * *
You closely miss the cyan ugly thing.
The cyan ugly thing is severely wounded.
The cyan ugly thing punches you.
* * * LOW HITPOINT WARNING * * *
The cyan ugly thing shocks you!
* * * LOW HITPOINT WARNING * * *
Your scale mail prevents you from hitting the cyan ugly thing.
The cyan ugly thing is severely wounded.
The cyan ugly thing punches you!
You die...
Your body crumbles into a pile of gold.

#####+#### #........#
#........+ #........#
######### #..u.....#
........#######.@......#
#######.......'..[.....#
#########........#
##########


You could see a cyan ugly thing.

Vanquished Creatures
  3 two-headed ogres
  Grinder (D:5)
  Sigmund (D:4)
  A steam dragon (D:7)
  Edmund (D:5)
  Duvessa (D:7)
  An ice beast (D:8)
  3 orc warriors
  A black bear (D:7)
  A necrophage (D:9)
  2 ogres (D:5)
  A centaur (D:7)
  4 bullfrogs
  Dowan (D:7)
  4 scorpions
  4 killer bees (D:7)
  5 wights (D:7)
  A howler monkey (D:8)
  2 jellies
  3 hounds
  6 orc wizards
  A bullfrog skeleton (D:5)
  4 orc priests
  An iguana (D:5)
  Terence (D:3)
  3 worker ants
  A hound zombie (D:7)
  A hound skeleton (D:5)
  A worker ant zombie (D:9)
  7 adders
  4 white imps
  3 ufetubi
  An ooze (D:1)
  An adder skeleton (D:8)
  A worm (D:5)
  A leopard gecko (D:1)
  28 orcs
  5 giant cockroaches
  6 goblins
  7 hobgoblins
  14 jackals
  7 kobolds
  A ball python (D:3)
  11 bats
  6 frilled lizards
  A leopard gecko skeleton (D:8)
  A leopard gecko zombie (D:7)
  4 rats
169 creatures vanquished.

Vanquished Creatures (others)
  16 plants (D:11)
16 creatures vanquished.

Grand Total: 185 creatures vanquished

Notes
Turn   | Place    | Note
-------+----------+-------------------------------------------
     0 | D:1      | robertstho the Ghoul Gladiator began the quest for the Orb.
     0 | D:1      | Reached XP level 1. HP: 17/17 MP: 0/0
   184 | D:1      | Reached XP level 2. HP: 19/25 MP: 1/1
   663 | D:1      | Reached XP level 3. HP: 30/30 MP: 2/2
   791 | D:1      | Reached skill level 4 in Unarmed Combat
  1003 | D:2      | Found a radiant altar of Vehumet.
  1133 | D:2      | Found a shadowy altar of Dithmenos.
  1530 | D:2      | Reached skill level 1 in Armour
  1530 | D:2      | Reached XP level 4. HP: 37/37 MP: 3/3
  1842 | D:3      | Found a white marble altar of Elyvilon.
  1903 | D:3      | Found an iron altar of Okawaru.
  2050 | D:3      | Noticed Terence
  2078 | D:3      | Killed Terence
  2115 | D:3      | Reached XP level 5. HP: 24/44 MP: 4/4
  2324 | D:3      | Reached skill level 5 in Unarmed Combat
  2735 | D:4      | Reached skill level 6 in Unarmed Combat
  2735 | D:4      | Reached XP level 6. HP: 35/50 MP: 5/5
  2983 | D:4      | Found a staircase to the Ecumenical Temple.
  3004 | Temple   | Entered the Ecumenical Temple
  3013 | Temple   | Became a worshipper of Gozag Ym Sagoz the Greedy
  3107 | D:4      | Noticed Sigmund
  3129 | D:4      | Killed Sigmund
  3129 | D:4      | Reached skill level 7 in Unarmed Combat
  3129 | D:4      | Reached XP level 7. HP: 46/57 MP: 6/6
  3541 | D:4      | Found a shimmering altar of Xom.
  3658 | D:5      | Entered Level 5 of the Dungeon
  3758 | D:5      | Noticed Edmund
  3983 | D:5      | Reached skill level 8 in Unarmed Combat
  4019 | D:5      | Found a bloodstained altar of Trog.
  4344 | D:5      | Noticed Grinder
  4361 | D:5      | Killed Grinder
  4361 | D:5      | Reached XP level 8. HP: 47/66 MP: 7/7
  4427 | D:5      | Killed Edmund
  4427 | D:5      | Reached skill level 9 in Unarmed Combat
  4781 | D:6      | Found Dalufapt's Weapon Boutique.
  4794 | D:6      | Found a shimmering blue altar of Sif Muna.
  5128 | D:6      | Found Umuciuc's Distillery.
  5131 | D:6      | Bought a potion of curing for 36 gold pieces
  5131 | D:6      | Bought a potion of attraction for 36 gold pieces
  5131 | D:6      | Bought a potion of resistance for 120 gold pieces
  5131 | D:6      | Bought a potion of brilliance for 48 gold pieces
  5131 | D:6      | Bought a potion of mutation for 96 gold pieces
  5247 | D:6      | Found Uruedd's General Store.
  5426 | D:6      | Found Imunumol's Gadget Shop.
  5524 | D:6      | Found a sparkling altar of Nemelex Xobeh.
  5526 | D:6      | Found a stormy altar of Qazlal.
  5803 | D:6      | Bought a scroll of enchant weapon for 105 gold pieces
  5857 | D:7      | Found a glowing silver altar of Zin.
  6063 | D:7      | Reached skill level 10 in Unarmed Combat
  6096 | D:7      | HP: 1/67 [killer bee (5)]
  6106 | D:7      | Reached XP level 9. HP: 41/72 MP: 8/8
  6479 | D:7      | Reached skill level 1 in Stealth
  6524 | D:7      | Noticed Dowan
  6524 | D:7      | Noticed Duvessa
  6530 | D:7      | Killed Duvessa
  6545 | D:7      | Killed Dowan
  6872 | D:7      | Reached skill level 5 in Fighting
  7040 | D:7      | Found a sacrificial altar of Ru.
  7045 | D:7      | Found a snail-covered altar of Cheibriados.
  7057 | D:7      | Reached skill level 11 in Unarmed Combat
  7316 | D:8      | Reached skill level 1 in Shields
  7442 | D:8      | Noticed a two-headed ogre
  7459 | D:8      | Killed a two-headed ogre
  7459 | D:8      | Reached skill level 12 in Unarmed Combat
  7459 | D:8      | Reached XP level 10. HP: 11/83 MP: 9/9
  8020 | D:8      | Found an ancient bone altar of Kikubaaqudgha.
  8089 | D:8      | Found a hide-covered altar of Uskayaw.
  8150 | D:8      | Noticed a two-headed ogre
  8156 | D:8      | Killed a two-headed ogre
  8326 | D:9      | Noticed a two-headed ogre
  8336 | D:9      | Killed a two-headed ogre
  8352 | D:9      | Reached skill level 5 in Armour
  8557 | D:9      | You fall into a shaft and drop 2 floors!
  8604 | D:11     | Noticed a cyan ugly thing
  8619 | D:11     | HP: 4/84 [cyan ugly thing (17)]
  8620 | D:11     | Slain by a cyan ugly thing

Illustrated notes

Levels and vault maps discovered:
D:1:      nzn_arrival_depleted_hourglass, layout_loops_ring
D:2:      layout_rooms, old_standard_altar, old_standard_altar
D:3:      layout_loops_cross, kennysheep_okawaru_gauntlet, elyvilon_altar_4,
          uniq_terence
D:4:      layout_loops_ring, minmay_temple_entry_waves, tgw_xom, uniq_sigmund
D:5:      layout_cave_pools, lightli_temple_of_fire, uniq_edmund, uniq_grinder
D:6:      layout_basic, nicolae_overflow_crystal_walls,
          grunt_temple_overflow_open, serial_shops, shop, shop,
          kennysheep_mini_moat, shop_fountains
D:7:      layout_gridville, nicolae_overflow_hidden_temple, cheibriados_altar_1,
          zin_academy, grunt_tough_drop, uniq_duvessa
D:8:      layout_rooms, lemuel_round_altar, kennysheep_mini
D:9:      layout_loops_cross, enter_bailey_1, lemuel_oklob_altar, uniq_maggie
D:11:     layout_roguey, david_lair_shrubbed, uniq_erica, uniq_josephine
Temple:   compressed_dpeg_triangle_lava_temple

Skill      XL: |  1  2  3  4  5  6  7  8  9 10 |
---------------+-------------------------------+-----
Dodging        | 3 4 |  4.8
Unarmed Combat | 4 6 7 8 10 12 | 12.9
Armour         | 1 2 3 4 5 |  5.0
Fighting       | 3 4 5 6 |  6.5
Stealth        | 1 |  1.4
Shields        | 1 2 |  2.5
Maces & Flails | |  0.7
Throwing       | |  1.7

Action                   |  1- 3 |  4- 6 |  7- 9 | 10-12 || total
-------------------------+-------+-------+-------+-------++-------
Melee: Unarmed           |    79 |   156 |   271 |    90 ||   596
       Whip              |    51 |       |       |       ||    51
       Punch             |     2 |     2 |     1 |       ||     5
  Use: Scroll            |       |     4 |     6 |     3 ||    13
       Potion            |       |     1 |     6 |     1 ||     8
Armor: Leather armour    |    47 |    10 |       |       ||    57
       Ring mail         |       |    24 |    18 |       ||    42
       Scale mail        |       |       |    77 |    13 ||    90
Dodge: Dodged            |    93 |    88 |   121 |    37 ||   339
Block: Kite shield       |       |       |    58 |    30 ||    88

Table legend: (Time is in decaauts)
 A = Elapsed time spent in this place.
 B = Non-inter-level travel time spent in this place.
 C = Inter-level travel time spent in this place.
 D = Time resting spent in this place.
 E = Time spent auto-exploring this place.
 F = Levels seen in this place.
 G = Mean time per level.
                   A        B        C        D        E       F      G
               +--------+--------+--------+--------+--------+-----+--------+
         Total |   8514 |   8279 |    235 |    692 |   6235 |  11 |  774.0 |
       Dungeon |   8497 |   8269 |    228 |    692 |   6233 |  10 |  849.7 |
        Temple |     16 |      9 |      7 |      0 |      2 |   1 |   16.0 |
               +--------+--------+--------+--------+--------+-----+--------+

Top non-repeatable levels by time:
     D:7: 1440 daAuts
     D:6: 1088 daAuts
     D:4: 1031 daAuts
     D:8: 1022 daAuts
     D:5: 1019 daAuts
     D:1: 979 daAuts
     D:2: 833 daAuts
     D:3: 782 daAuts
     D:9: 241 daAuts
    D:11: 59 daAuts
  Temple: 16 daAuts
